General information
- name: BNet
- type: Ladder 1vs1/FFA
- host: Battle.net
- saver: PutinOnTheRitz
map: CentaurGrove
- players: 2
- length: 26:13
- speed: Fast
- version: 1.26 W3XP
- replay type: Public
» download(75 KB)
Players
team 1 (loser)
lepap (
blue | 44 APM | 1155 actions | 26:12)
2 Warden
2 Shadow Strike
» actions
| Assign group hotkey | 2 | |
| Build / train | 71 | |
| Enter build submenu | 17 | |
| Enter hero's abilities submenu | 3 | |
| Give item / drop item | 2 | |
| Remove unit from queue | 2 | |
| Right click | 663 | |
| Select / deselect | 354 | |
| Select group hotkey | 4 | |
| Use ability | 37 | |
1155 total
» units
| Wisp | 29 | |
| Archer | 13 | |
| Huntress | 8 | |
| Glaive Thrower | 3 | |
| Hippogryph | 3 | |
| Chimaera | 1 | |
57 total
» upgrades
| Vorpal Blades | 1 | |
| Upgrade Moon Glaive | 1 | |
| Marksmanship | 1 | |
| Improved Bows | 1 | |
| Corrosive Breath | 1 | |
5 total
» buildings
| Altar of Elders | 1 | |
| Moon Well | 6 | |
| Ancient of War | 2 | |
| Hunter's Hall | 1 | |
| Ancient of Wonders | 1 | |
| Tree of Ages | 1 | |
| Tree of Eternity | 1 | |
| Ancient of Wind | 1 | |
| Chimaera Roost | 2 | |
16 total
» build order
00:07 Altar of Elders
00:09 Moon Well
00:57 Ancient of War
02:41 Hunter's Hall
02:47 Moon Well
03:05 Moon Well
03:25 Ancient of War
04:06 Moon Well
05:22 Ancient of Wonders
06:09 Tree of Ages
09:22 Tree of Eternity
09:43 Moon Well
10:57 Ancient of Wind
18:42 Chimaera Roost
18:44 Chimaera Roost
20:41 Moon Well
» items
team 2 (winner)
PutinOnTheRitz (
purple | 71 APM | 1861 actions | 26:13)
5 Archmage
3 Blizzard
2 Brilliance Aura
4 Blood Mage
2 Flame Strike
2 Siphon Mana
» actions
| Assign group hotkey | 64 | |
| Basic commands | 77 | |
| Build / train | 103 | |
| ESC pressed | 1 | |
| Enter build submenu | 47 | |
| Enter hero's abilities submenu | 9 | |
| Give item / drop item | 6 | |
| Remove unit from queue | 2 | |
| Right click | 779 | |
| Select / deselect | 404 | |
| Select group hotkey | 186 | |
| Use ability | 183 | |
1861 total
» units
| Peasant | 21 | |
| Goblin Shredder | 1 | |
| Dragonhawk Rider | 5 | |
| Sorceress | 2 | |
| Goblin Zeppelin | 1 | |
30 total
» upgrades
| Masonry | 3 | |
| Armor | 3 | |
| Animal War Training | 1 | |
| Magic Sentry | 1 | |
| Sorceress Training | 2 | |
| Cloud | 1 | |
| Priest Training | 1 | |
| Swords | 2 | |
| Storm Hammers | 1 | |
15 total
» buildings
| Altar of Kings | 1 | |
| Farm | 7 | |
| Arcane Vault | 2 | |
| Scout Tower | 30 | |
| Lumber Mill | 1 | |
| Arcane Tower | 4 | |
| Guard Tower | 16 | |
| Town Hall | 2 | |
| Keep | 1 | |
| Blacksmith | 1 | |
| Barracks | 2 | |
| Castle | 1 | |
| Gryphon Aviary | 3 | |
| Arcane Sanctum | 1 | |
72 total
» build order
00:06 Altar of Kings
00:29 Farm
00:29 Farm
00:46 Arcane Vault
00:50 Farm
00:57 Scout Tower
01:22 Lumber Mill
02:05 Arcane Tower
03:01 Scout Tower
03:05 Scout Tower
03:40 Scout Tower
03:41 Scout Tower
03:48 Scout Tower
03:49 Scout Tower
03:51 Guard Tower
04:02 Scout Tower
04:02 Scout Tower
04:20 Guard Tower
04:25 Farm
05:02 Arcane Tower
05:23 Town Hall
05:31 Guard Tower
05:39 Guard Tower
05:42 Scout Tower
05:46 Farm
05:55 Guard Tower
06:14 Scout Tower
07:02 Scout Tower
07:03 Scout Tower
07:31 Guard Tower
07:32 Scout Tower
07:36 Keep
07:38 Guard Tower
07:57 Scout Tower
08:08 Guard Tower
08:15 Blacksmith
09:01 Guard Tower
09:03 Scout Tower
09:04 Scout Tower
09:09 Guard Tower
09:18 Barracks
09:21 Farm
09:25 Farm
09:33 Scout Tower
09:36 Scout Tower
09:37 Guard Tower
10:59 Castle
11:00 Arcane Tower
11:01 Guard Tower
11:06 Gryphon Aviary
11:06 Gryphon Aviary
11:08 Gryphon Aviary
11:20 Barracks
11:27 Arcane Sanctum
11:29 Arcane Vault
16:39 Scout Tower
17:34 Guard Tower
20:29 Scout Tower
20:29 Scout Tower
20:30 Scout Tower
20:31 Scout Tower
20:51 Scout Tower
20:51 Scout Tower
20:52 Scout Tower
20:53 Scout Tower
21:12 Guard Tower
22:15 Arcane Tower
22:18 Town Hall
22:19 Guard Tower
23:30 Scout Tower
23:33 Scout Tower
25:04 Guard Tower
» items
| Lesser Clarity Potion | 5 | |
| Scroll of Regeneration | 8 | |
| Potion of Healing | 6 | |
| Potion of Mana | 1 | |
| Staff of Sanctuary | 1 | |
| Scroll of Town Portal | 1 | |
22 total
Chat log
(15:34 / All) PutinOnTheRitz: nice rush?
(19:33 / All) PutinOnTheRitz: same thing again?
(19:35 / All) PutinOnTheRitz: really?
(19:54 / All) lepap: plz stfu im new
(19:56 / All) PutinOnTheRitz: do you really think the exact same tactic will work?
(20:07 / All) PutinOnTheRitz: being new has nothing to do with lack of logic
(20:26 / All) PutinOnTheRitz: yawn
(21:16 / All) PutinOnTheRitz: why do you think its going to work
(22:08 / All) PutinOnTheRitz: worth it?
(22:26 / All) lepap: your asshole kid its just a game
(22:33 / All) PutinOnTheRitz: *you're
(22:35 / All) PutinOnTheRitz: *an
(22:45 / All) PutinOnTheRitz: if its "just a game" why are you so bad at it?
(23:08 / All) PutinOnTheRitz: leave
(23:25 / All) PutinOnTheRitz: eventually youre going to ragequit, so why not now?
(23:40 / All) lepap: cuz i dont rage quit
(23:43 / All) PutinOnTheRitz: you will
(23:57 / All) PutinOnTheRitz: they always do
(24:20 / All) PutinOnTheRitz: lol!
(24:46 / All) PutinOnTheRitz: free exp thanks
(25:11 / All) lepap: enjoy your win asshole
(25:15 / All) PutinOnTheRitz: ragequit incoming
(25:55 / All) lepap: lol not really a rage quit but i dont know why im justify me cuz your a little dick
(25:58 / All) PutinOnTheRitz: lmfao
(26:04 / All) lepap: chow bye
(26:06 / All) PutinOnTheRitz: raging as you deny ragequit
(26:08 / All) PutinOnTheRitz: hilarious